 Dungeon Crawl Stone Soup version bcrawl-1.38.3 (webtiles) character file.

Game seed: 874937569612935721

149623 Morbidden the Ducker (level 4, -2/28 HPs)
             Began as a Fairy Archaeologist on July 2, 2023.
             Slain by an orc warrior
             ... wielding a +0 short sword
              (5 damage)
             ... on level 2 of the Dungeon.
             The game lasted 00:02:20 (1547 turns).

Morbidden the Ducker (Fairy Archaeologist)          Turns: 1547, Time: 00:02:20

Health: -2/28      AC:  8    Str:  9    XL:     4   Next: 56%
Magic:  7/7        EV: 15    Int: 19    God:
Gold:   34         SH:  9    Dex: 10    Spells: 5/5 levels left

rFire    . . .     GDR:     22% a - +0 short sword
rCold    . . .     SeeInvis .   j - +0 buckler
rNeg     + . .     Gourm    .   (armour unavailable)
rPois    .         Faith    .   c - +1 hat
rElec    .         Spirit   .   p - +0 cloak
rCorr    .         Reflect  .   (no gloves)
MR       .....                  d - +1 pair of boots
Stlth    +.........             (no amulet)
HPRegen  0.14/turn              r - ring of positive energy
MPRegen  0.10/turn              (no ring)

@: flying evasively
A: small, magic attunement, unstealthy, unfitting armour, able to fly, AC/SH +4
a: Stop Flying


You were on level 2 of the Dungeon.
You were not hungry.

You visited 1 branch of the dungeon, and saw 3 of its levels.

You collected 34 gold pieces.

Inventory:

Hand Weapons
 a - a +0 short sword (weapon)
 b - a +0 blowgun
Missiles
 h - 4 curare-tipped needles
 s - 68 poisoned needles
Armour
 c - a +1 hat (worn)
 d - a +1 pair of boots (worn)
 j - a +0 buckler (worn)
 p - a +0 cloak (worn)
Jewellery
 r - a ring of positive energy (left hand)
Scrolls
 f - a scroll of magic mapping
 i - 3 scrolls of identify
 k - a scroll of enchant weapon {unknown}
 m - 2 scrolls of teleportation {unknown}
 n - a scroll of blinking {unknown}
 t - a scroll of immolation {unknown}
 u - a scroll of fear {unknown}
Potions
 l - a potion of heal wounds {unknown}
 q - a potion of lignification {unknown}
Miscellaneous
 g - a dusty tome
Comestibles
 e - 4 rations {!d}
 o - a chunk of flesh


   Skills:
 * Level 1.4 Fighting
 * Level 1.0 Short Blades
   Level 0.8 Maces & Flails
 * Level 5.2 Dodging
 + Level 2.6 Stealth
 * Level 1.9 Shields
 * Level 1.2 Spellcasting


You had 5 spell levels left.
You didn't know any spells.
Your spell library was empty.

Dungeon Overview and Level Annotations

Branches:
Dungeon (3/12)

Altars:
Nemelex Xobeh

Annotations:
D:3 Grinder


Innate Abilities, Weirdness & Mutations

Your spells do not cause hunger and MP costs are reduced by 1.
Your bright wings attract enemies. (Stealth-)
You cannot fit into any form of body armour.
Your shimmering scales are hard and can block incoming attacks. (AC +4, SH +4)
You are small and have problems with some larger weapons.
You can fly continuously.


Message History

You are too injured to fight recklessly!
You are too injured to fight recklessly!
You are too injured to fight recklessly!
You are too injured to fight recklessly!
You are too injured to fight recklessly!
You are too injured to fight recklessly!
You are too injured to fight recklessly!
You are too injured to fight recklessly!
You are too injured to fight recklessly!
You are too injured to fight recklessly!
You are too injured to fight recklessly!
No path to travel!
No path to travel!
You closely miss the orc warrior.
The orc warrior hits you with a +0 short sword!
* * * LOW HITPOINT WARNING * * *
You hit the orc warrior.
The orc warrior is lightly wounded.
The orc warrior hits you with a +0 short sword.
You die...

##...#######......#.##
.....# ##.####.#.#
.#...# #..# ##.#.#
##.### #.## #....#
#..# #.# #...##
##..### #.# #....#
#.....## #.# #....#
..###..## #.# #.#>.##
### ##..###.####@##..#
# ##........#o##..# #
##........r##### #
#..........# ##
#..........# .#
#..........# .#
#........>.#
.######..........#
.)..............##


You could see an orc warrior and a rat.

Vanquished Creatures
  Jessica (D:2)
  3 dart slugs
  5 leopard geckos
  An orc (D:2)
  A giant cockroach (D:2)
  2 hobgoblins
  5 jackals (D:2)
  8 kobolds
  A quokka (D:2)
  2 ball pythons
  3 bats
  4 frilled lizards
  9 goblins
  4 rats
49 creatures vanquished.

Notes
Turn   | Place    | Note
-------+----------+-------------------------------------------
     0 | D:1      | Morbidden the Fairy Archaeologist began the quest for the
                  | Orb.
     0 | D:1      | Reached XP level 1. HP: 12/12 MP: 3/3
    85 | D:1      | Reached skill level 1 in Fighting
    87 | D:1      | Reached XP level 2. HP: 17/18 MP: 4/4
   431 | D:1      | Reached XP level 3. HP: 23/23 MP: 6/6
   561 | D:1      | Reached skill level 5 in Dodging
   817 | D:2      | Reached skill level 1 in Spellcasting
  1036 | D:2      | Reached skill level 1 in Short Blades
  1114 | D:2      | Reached XP level 4. HP: 28/28 MP: 7/7
  1148 | D:2      | Noticed Jessica
  1168 | D:2      | Killed Jessica
  1169 | D:2      | Reached skill level 1 in Shields
  1443 | D:2      | Found a sparkling altar of Nemelex Xobeh.
  1497 | D:3      | Noticed Grinder
  1534 | D:3      | Noticed an orc warrior
  1547 | D:2      | Slain by an orc warrior

Skill      XL: |  1  2  3  4 |
---------------+-------------+-----
Fighting       | 1 |  1.4
Dodging        | 5 |  5.2
Spellcasting   | 1 |  1.2
Short Blades   | 1 |  1.0
Shields        | 1 |  1.9
Maces & Flails | |  0.8
Stealth        | |  2.6

Action                   |  1- 3 |  4- 6 || total
-------------------------+-------+-------++-------
Melee: Whip              |    24 |       ||    24
       Dagger            |   142 |       ||   142
       Short sword       |    50 |    43 ||    93
 Fire: Blowgun           |       |     2 ||     2
 Stab: Sleeping          |     1 |       ||     1
  Eat: Chunk             |     6 |     3 ||     9
Armor: Skin              |    46 |     8 ||    54
Dodge: Dodged            |   165 |    40 ||   205
Block: Other             |    23 |       ||    23
       Buckler           |    22 |    32 ||    54
